[Event "Czech Open-GM 2022"]
[Site "Pardubice"]
[Date "2022.07.26"]
[Round "5.44"]
[White "Nguyen, Alex Dac-Vuong"]
[Black "Hassemeier, Mika"]
[Result "1/2-1/2"]
[ECO "D37"]
[WhiteElo "2318"]
[BlackElo "2166"]
[Annotator "TA"]
[PlyCount "91"]
[EventDate "2022.07.22"]
[EventType "swiss"]
[EventCountry "CZE"]
[SourceTitle "playchess.com"]
[Source "ChessBase"]
[SourceQuality "1"]
[TimeControl "40/5400+30:1800+30"]

1. d4 Nf6 2. c4 e6 3. Nf3 d5 4. Nc3 dxc4 5. e4 b5 6. e5 {[%emt 0:00:05] D24: Queen's Gambit Accepted: 3 Nf3 Nf6 4 Nc3.} Nd5 7. Nxb5 Nb6 8. Be2 {[%emt 0:00:07] White has an edge.} Nc6 9. O-O Be7 {[%emt 0:00:08] Inhibits Bg5.} 10. Be3 {[%emt 0:01:02] 10.Qd2 is more fashionable.} O-O 11. Nc3 Rb8 12. b3 cxb3 13. axb3 a5 14. Qb1 Bb7 {[%emt 0:10:25] [#]} 15. Rd1 $146 ({Predecessor:} 15. Qe4 Nd5 16. Nxd5 exd5 17. Qf4 Bc8 18. Rfc1 Qe8 19. Rc3 Rb6 20. h4 Nd8 21. h5 {½-½ (46) Aditya,M (2490)-Indjic,A (2621) Tashkent 2022}) 15... Ba8 16. Qe4 Re8 17. Qg4 (17. Bd3 g6 $11) 17... Nb4 18. Bh6 Bf8 19. Rxa5 Kh8 20. Bc1 {[%emt 0:18:46] aiming for Ng5. 0x0.00198f9f8370dp-1022s more active pieces.} h6 {[%emt 0:04:27] Prevents Ng5.} 21. Qh5 Qd7 (21... Kg8 $1 $14) 22. Ng5 $16 {[%emt 0:01:22] Bb5 is the strong threat.} Kg8 23. Nge4 N6d5 $2 {[%emt 0:00:36] [#]} (23... Bxe4 $16 24. Nxe4 N6d5) 24. Qg4 $2 (24. Bxh6 $1 $18 Be7 25. Nxd5 Nxd5 26. Qg4) 24... Kh8 25. Na4 Nc6 26. Nac5 Bxc5 27. Rxc5 (27. Nxc5 $6 Qe7 28. Ra1 Nc3 $11) 27... Nce7 {[%emt 0:03:02] [#]} 28. Rd3 (28. Nf6 $142 $1 gxf6 29. Qh5 (29. Bxh6 Rg8 $17)) 28... Nf5 29. Rh3 {[%emt 0:00:05][%cal Oe4f6] And now Nf6! would win.} Nde7 $2 {[%emt 0:01:38] [#]} (29... Rg8 $16) 30. Rc4 $2 (30. Nf6 $1 $18 Qd8 31. Nxe8 Qxe8 32. Rxc7) 30... Bd5 {[%emt 0:04:23] [#]} (30... Rg8 $16) 31. Nc5 $2 (31. Nf6 $1 $18 Qc8 (31... Qd8 32. Nxe8) 32. Nxe8 Qxe8 33. Rxc7) 31... Qd8 $11 32. Rc2 Rb4 33. Bb2 $132 {[%emt 0:03:36][%mdl 2048] White is not keeping still} Nc6 34. Bc4 Bxc4 35. Rxc4 Qb8 $2 (35... Qa8 $11 36. Rc1 Rd8) 36. Na6 $1 $18 Qb5 (36... Qb7 $142 37. Nxb4 (37. Rxc6 Rxd4 38. Bxd4 Qxc6 $16) 37... Nxb4) 37. Nxb4 Nxb4 38. Qd1 {[%emt 0:00:47] Strongly threatening g4.} ({Don't take} 38. Rxc7 Qa5) 38... Nd5 39. Rd3 Ra8 40. Rd2 Rb8 41. Rd3 (41. Rc1 $16) 41... Ra8 $1 42. Bc3 Ra3 43. Be1 {[%emt 0:01:29] Threatens to win with Ra4.} Qa6 (43... Qb7 $142 44. g3 Ra2) 44. Ra4 Rxa4 45. bxa4 Nf4 46. Re3 {[%emt 0:10:51] Weighted Error Value: White=0.34/Black=0.33} 1/2-1/2

[Event "Czech Open-GM 2022"]
[Site "Pardubice"]
[Date "2022.07.27"]
[Round "6.1"]
[White "Brodowski, Piotr"]
[Black "Donchenko, Alexander"]
[Result "1/2-1/2"]
[ECO "D38"]
[WhiteElo "2450"]
[BlackElo "2640"]
[Annotator "TA"]
[PlyCount "57"]
[EventDate "2022.07.22"]
[EventType "swiss"]
[EventCountry "CZE"]
[SourceTitle "playchess.com"]
[Source "ChessBase"]
[SourceQuality "1"]
[TimeControl "40/5400+30:1800+30"]

1. d4 Nf6 2. c4 e6 3. Nf3 d5 4. Nc3 Bb4 5. cxd5 exd5 6. Bg5 h6 7. Bh4 O-O {[%emt 0:01:55] 7...Bf5 is a critical line. D38: Queen's Gambit Declined: Ragozin Defence (4 Nf3 Bb4).} 8. e3 Bf5 9. Be2 Nbd7 10. Qb3 Bxc3+ 11. Qxc3 c6 12. Nd2 Ne4 13. Bxd8 Nxc3 14. bxc3 {[%emt 0:00:03] [#] Hoping for Bh4.} Rfxd8 15. a4 {[%emt 0:00:04] [#]} Nb6 $146 ({Predecessor:} 15... Rac8 16. g4 Bh7 17. Nf1 c5 18. Ng3 Nf6 19. a5 cxd4 20. cxd4 Rc2 21. O-O Ne4 {½-½ (31) Bu,X (2705)-Wei,Y (2725) Liaocheng 2021}) 16. Nf1 Nc8 {[%emt 0:03:34] The position is equal.} 17. Ng3 Bg6 18. Kd2 Nd6 19. Bd3 Bxd3 20. Kxd3 Rac8 (20... Re8 {with more complications.} 21. Ne2 b6 22. a5 f6) 21. e4 dxe4+ 22. Nxe4 Nxe4 23. Kxe4 $11 {[%emt 0:00:33][%mdl 4096] Endgame KRR-KRR} c5 24. d5 f5+ 25. Ke5 ({Much weaker is} 25. Kxf5 Rxd5+ 26. Ke4 Rd2 $17) 25... Re8+ 26. Kd6 Red8+ 27. Ke5 Re8+ 28. Kd6 Red8+ 29. Ke5 {[%emt 0:00:45] A balanced but interesting game.  Weighted Error Value: White=0.04 (flawless) /Black=0.02 (flawless)} 1/2-1/2

[Event "Czech Open-GM 2022"]
[Site "Pardubice"]
[Date "2022.07.27"]
[Round "6.2"]
[White "Moksh Amit Doshi"]
[Black "Stachowiak, Kamil"]
[Result "1/2-1/2"]
[ECO "A46"]
[WhiteElo "2409"]
[BlackElo "2476"]
[Annotator "TA"]
[PlyCount "44"]
[EventDate "2022.07.22"]
[EventType "swiss"]
[EventCountry "CZE"]
[SourceTitle "playchess.com"]
[Source "ChessBase"]
[SourceQuality "1"]
[TimeControl "40/5400+30:1800+30"]

1. d4 Nf6 2. Nf3 e6 3. c4 d5 4. g3 c5 5. cxd5 exd5 6. Bg2 Nc6 7. O-O Be7 8. dxc5 Bxc5 9. a3 O-O 10. b4 Be7 11. Bb2 Ne4 12. Nbd2 {[%emt 0:11:52] D30: Queen's Gambit Declined: Systems without Nc3.} Bf6 13. Qb3 Be6 14. Rac1 Re8 15. Bxf6 {[%emt 0:06:29] [#] A balanced but interesting game.  Weighted Error Value: White=0.07 (flawless) /Black=0.03 (flawless)} {Predecessor:} Qxf6 $146 16. Qe3 Nd6 17. Qc5 Red8 18. b5 Na5 19. Nd4 Nac4 20. Nxc4 Nxc4 21. e3 a5 22. bxa6 Rxa6 {½-½ (94) Sammalvuo,T (2417)-Sipila,V (2447) Hamina 2016} 1/2-1/2

[Event "Czech Open-GM 2022"]
[Site "Pardubice"]
[Date "2022.07.27"]
[Round "6.3"]
[White "Stocek, Jiri"]
[Black "Skytte, Rasmus"]
[Result "1-0"]
[ECO "D37"]
[WhiteElo "2548"]
[BlackElo "2349"]
[Annotator "TA"]
[PlyCount "57"]
[EventDate "2022.07.22"]
[EventType "swiss"]
[EventCountry "CZE"]
[SourceTitle "playchess.com"]
[Source "ChessBase"]
[SourceQuality "1"]
[TimeControl "40/5400+30:1800+30"]

1. d4 {[%emt 0:02:17] Huzman,A} Nf6 2. c4 e6 3. Nf3 d5 4. Nc3 dxc4 5. Qa4+ Nbd7 6. e4 Be7 {[%emt 0:03:12] The main line 6...Be7 scores better than 6...a6.} (6... c5 {with more complications.} 7. Bf4 a6 8. Bxc4 cxd4 9. Nxd4 Bc5) 7. Bxc4 {[%emt 0:02:46] D23: Queen's Gambit Accepted: 3 Nf3 Nf6 sidelines.} O-O 8. Qc2 c5 $1 {[%emt 0:02:02] White must now prevent ...cxd4.} 9. dxc5 {[%emt 0:01:11] The position is equal.} Nxc5 10. O-O b6 (10... b5 $1 $11 11. Bxb5 Bb7) 11. Rd1 $16 Qc7 {[%emt 0:03:21] [#]} 12. e5 $1 {[%emt 0:04:47] White is more active.} Nfd7 (12... Ng4 $16 {was worth a try.}) 13. Nb5 $36 {[%emt 0:01:51][%mdl 2048] White is really pushing.} Qb8 {[%emt 0:11:32] [#]} 14. Bg5 $146 ({Predecessor:} 14. Bf4 a5 15. Qe2 Rd8 16. Nd6 Nf8 17. Bg5 Qc7 18. Nb5 Rxd1+ 19. Rxd1 Qb7 20. Nd6 {1-0 (27) Urban,K (2497)-Mazi,L (2365) Warsaw 2005 CBM 108 [Huzman,A]}) 14... Bxg5 15. Nxg5 g6 16. f4 {[%emt 0:13:04] aiming for b4.} a6 (16... a5 {might work better.} 17. Rd4 Ba6) 17. Nd6 {[%emt 0:00:27] Strongly threatening Qf2.} b5 18. b4 bxc4 19. bxc5 Nxc5 20. Qxc4 Qa7 {[%emt 0:03:51] ( -> ...Nd3+)} 21. Kh1 h6 (21... Bb7 $142 22. Rac1 Nd7) 22. Ngxf7 (22. Nge4 Nxe4 23. Qxe4 Rb8 $14) 22... Rxf7 23. Nxf7 Kxf7 24. Rac1 Nd7 25. Rc3 ({Less strong is} 25. Rd6 Nf8 $14) (25. Qc6 $142) 25... Nf8 $2 {[%emt 0:04:51] [#]} (25... Nb6 {was called for.} 26. Qc5 Bd7) 26. f5 $1 {[%emt 0:01:07] White is clearly winning.} gxf5 (26... Kg8 $142 27. fxg6 Bd7) 27. Qh4 Qe7 {[%emt 0:03:39] Inhibits Qf6+.} 28. Qxh6 Bb7 29. Qh5+ {[%emt 0:00:44] Black did not feel at home in the position after the opening.  Weighted Error Value: White=0.10 (very precise) /Black=0.44} 1-0

[Event "Czech Open-GM 2022"]
[Site "Pardubice"]
[Date "2022.07.27"]
[Round "6.4"]
[White "Slovak, Kilian"]
[Black "Harsha Bharathakoti"]
[Result "0-1"]
[ECO "B33"]
[WhiteElo "2321"]
[BlackElo "2547"]
[Annotator "TA"]
[PlyCount "62"]
[EventDate "2022.07.22"]
[EventType "swiss"]
[EventCountry "CZE"]
[SourceTitle "playchess.com"]
[Source "ChessBase"]
[SourceQuality "1"]
[TimeControl "40/5400+30:1800+30"]

1. e4 c5 2. Nf3 e6 3. d4 cxd4 4. Nxd4 Nf6 5. Nc3 Nc6 6. Ndb5 d6 7. Bf4 e5 8. Bg5 a6 9. Na3 b5 10. Bxf6 gxf6 11. Nd5 f5 12. Bd3 Be6 13. c3 {[%emt 0:00:08] 13.Qh5 is the modern continuation.} Bg7 14. Nxb5 {[%emt 0:00:08] B33: Sicilian: Pelikan and Sveshnikov Variations.} axb5 15. Bxb5 Bd7 16. exf5 {[%emt 0:00:12] White is slightly better.} O-O 17. Qg4 {[%emt 0:01:25] Inhibits Qg5.} Kh8 {[%emt 0:00:47] Hoping for ...Ra5.} (17... Nb8 $5 ) 18. Qe4 (18. O-O $14) 18... Qb8 {[%emt 0:19:54] [#]} (18... Ra5 $15 19. a4 Ne7 20. Nxe7 Bxb5) 19. a4 $146 {[%emt 0:14:24][%mdl 8192] [#]} (19. Bd3 $11 {and White has nothing to worry.} f6 20. O-O) ({Predecessor:} 19. c4 Bxf5 20. Qxf5 Nd4 21. Qb1 Nxb5 22. cxb5 Qxb5 23. Nc3 Qc4 24. Qe4 Qxe4+ 25. Nxe4 d5 26. Ng3 {½-½ (40) Wu,L (2019)-Stelmaszyk,N (2301) Berlin 2020}) 19... Qxb5 $1 $19 20. axb5 Rxa1+ 21. Ke2 Rxh1 {[%emt 0:01:53] The board is on fire.} 22. f6 {[%emt 0:47:40] [#]} (22. bxc6 $142 Bxc6 23. Qc4) 22... Bh6 $1 23. bxc6 Bxc6 24. Qh4 $2 (24. Qc4 Bb7 25. Qb5) 24... Bxd5 25. Qxh6 Rg8 {[%emt 0:00:03] And now ...Bc4+ would win.} 26. g3 Rb1 27. Qd2 Bc4+ 28. Kf3 d5 29. Qc2 (29. Qe3 $142 e4+ 30. Kf4) 29... Re1 {[%emt 0:01:06][%cal Oc4d3] ( -> ...Bd3!)} 30. Kg2 Bf1+ 31. Kf3 {[%emt 0:00:12] [#]} Bd3 $1 {[%emt 0:00:03][%mdl 512] Weighted Error Value: White=1.36/Black=0.11 (very precise)} 0-1

[Event "Czech Open-GM 2022"]
[Site "Pardubice"]
[Date "2022.07.27"]
[Round "6.5"]
[White "Noe, Christopher"]
[Black "Niedbala, Bartlomiej"]
[Result "1-0"]
[ECO "D11"]
[WhiteElo "2505"]
[BlackElo "2381"]
[Annotator "TA"]
[PlyCount "111"]
[EventDate "2022.07.22"]
[EventType "swiss"]
[EventCountry "CZE"]
[SourceTitle "playchess.com"]
[Source "ChessBase"]
[SourceQuality "1"]
[TimeControl "40/5400+30:1800+30"]

1. d4 d5 2. c4 c6 3. Nf3 Nf6 4. Qc2 dxc4 5. Qxc4 Bg4 6. Nbd2 Nbd7 {[%emt 0:00:16] D23: Queen's Gambit Accepted: 3 Nf3 Nf6 sidelines.} 7. g3 e6 8. Bg2 Be7 {[%emt 0:00:09] The position is equal.} 9. O-O O-O 10. b3 Rc8 11. Bb2 b5 12. Qc2 c5 13. Rfc1 Qb6 14. a4 a6 15. axb5 axb5 {[%emt 0:00:06] [#]} 16. h3 $146 ({Predecessor:} 16. Qd1 h6 17. Qf1 Bf5 18. e3 c4 19. bxc4 bxc4 20. Bc3 Bd3 21. Qd1 Nd5 22. Bf1 {½-½ (30) Sasikiran,K (2640)-Le,Q (2699) Al Ain 2015}) 16... Bh5 17. Qc3 Nd5 18. Qa5 Qb8 (18... c4 $5 19. bxc4 bxc4 20. Qxb6 N7xb6 $11) 19. Qa7 Rc7 20. Qxb8 Rxb8 21. dxc5 Rxc5 22. Ra7 Rxc1+ 23. Bxc1 Rd8 24. Bb2 Bb4 25. Ne4 (25. g4 $5 Bg6 26. Nd4 $1 $14) 25... Nc5 {[%emt 0:02:46] Against Rb7} 26. Nxc5 (26. Ne5 {feels hotter.} Nxb3 27. Nc6 Rc8 28. Nxb4 Nxb4 29. Ra3) 26... Bxc5 27. Rb7 b4 28. e3 Rc8 29. Ne5 Bf8 30. g4 {[%emt 0:02:25] White is more active.} Bg6 31. Nxg6 hxg6 32. Bxd5 exd5 $16 {[%emt 0:00:02][%mdl 4096] Endgame KRB-KRB} 33. Rd7 ({White should play} 33. h4 $16) 33... Rc2 $14 34. Bd4 f6 {[%emt 0:00:41] [#] White leaves nothing to chance now.} (34... g5 $1 $14) 35. Kg2 ({Much less strong is} 35. Rxd5 $6 Rc1+ 36. Kg2 Rb1 $14) (35. h4 $1 $16) 35... Rc1 {[%emt 0:00:25] [#]} (35... g5 $14) 36. h4 $1 $16 ({Don't play} 36. Rxd5 $6 Rb1 $14) 36... Rb1 37. g5 ({Resist} 37. Rxd5 Kf7 $14) 37... fxg5 38. hxg5 Rxb3 39. Rxd5 Kf7 40. Rb5 Rb1 41. f4 b3 $2 (41... Ke6 42. Kf3 Rc1) 42. Kf3 $18 Rf1+ 43. Ke4 Rb1 44. Rb7+ Kg8 45. Kd5 Kh7 46. Ke6 {[%emt 0:00:00] Kf7 would kill now.} Kg8 47. Rb8 {[%emt 0:00:00] Intending Bc5 and mate.} Rc1 {Against Bc5} 48. Rxb3 {[%emt 0:00:00] aiming for Rb8.} Rc4 $2 (48... Rc6+ 49. Kd5 Rd6+ 50. Kc4 Rd7) 49. Rb7 {[%emt 0:00:00] Threatens to win with Rb8.} Kh7 $2 (49... Rc6+ $18 50. Ke5 Ra6) 50. Kf7 {[%emt 0:00:00] White mates.} Bd6 51. f5 Bf8 52. fxg6+ Kh8 53. Bxg7+ Bxg7 54. Rb8+ Rc8 55. Rxc8+ Bf8 56. Rxf8# {[%emt 0:00:00] Weighted Error Value: White=0.11 (very precise) /Black=0.39} 1-0

[Event "Czech Open-GM 2022"]
[Site "Pardubice"]
[Date "2022.07.27"]
[Round "6.6"]
[White "Dobrowolski, Piotr"]
[Black "Simek, Petr"]
[Result "1/2-1/2"]
[ECO "C65"]
[WhiteElo "2423"]
[BlackElo "2348"]
[Annotator "TA"]
[PlyCount "98"]
[EventDate "2022.07.22"]
[EventType "swiss"]
[EventCountry "CZE"]
[SourceTitle "playchess.com"]
[Source "ChessBase"]
[SourceQuality "1"]
[TimeControl "40/5400+30:1800+30"]

1. e4 e5 2. Nf3 Nc6 3. Bb5 Nf6 4. d3 Bc5 5. Bxc6 dxc6 6. Nbd2 {[%emt 0:00:32] C65: Ruy Lopez: Berlin Defence (3...Nf6), unusual lines and 4 0-0 Bc5.} Nd7 7. Nc4 O-O 8. Be3 f6 9. O-O Rf7 10. Nh4 Bf8 {[%emt 0:00:37] [#]} 11. Nf5 $146 ({Predecessor:} 11. Kh1 Nb6 12. Na5 Na4 13. Qe1 Qe8 14. b3 Nc5 15. g3 b6 16. Nc4 Bh3 17. Rg1 {1-0 (52) Robson,R (2645)-Zherebukh,Y (2636) Columbus 2017}) 11... Nc5 12. Qf3 Ne6 13. Qg3 {[%emt 0:03:33] [#] Hoping for Nh6+.} Kh8 14. Qh4 b5 15. Na5 Qe8 16. c3 c5 17. Rfd1 a6 ({Black should play} 17... b4 $15) 18. f3 Rb8 19. Rac1 Bd7 20. a3 (20. Rc2 $142) 20... Qd8 21. b4 cxb4 $1 22. cxb4 c5 $1 {[%emt 0:00:08] Prevents d4.} 23. Qe1 cxb4 24. axb4 Qe8 (24... g6 $5 25. Ng3 Be8 $11) 25. Nb3 Rc8 26. Rxc8 Bxc8 {[%emt 0:00:35] The position is equal.} 27. Rc1 Rd7 28. d4 exd4 (28... g6 {feels hotter.} 29. dxe5 gxf5 30. exf5 Rd3) 29. Nfxd4 {[%emt 0:00:15] Pair of Knights!} Rc7 30. Rxc7 Nxc7 31. Qc3 Ne6 32. Nxe6 Bxe6 33. Nc5 Bc8 34. Bd4 Qc6 35. Kf2 h6 36. Be3 Kh7 37. Qd4 (37. g4 {is interesting.} Qd6 38. Kg2 Qd1 39. Qd3) 37... Qd6 (37... Qc7 {looks sharper.} 38. h3 a5 39. bxa5 Qxa5 40. Qd5 Qc3) 38. Qxd6 Bxd6 $11 {[%emt 0:00:01][%mdl 4096] Endgame KBB-KBN} 39. f4 Kg8 40. g3 Kf7 41. Bd4 Bc7 42. Nb3 g6 43. Ke3 f5 44. Be5 Bb6+ 45. Bd4 Bd8 46. Bc5 Be6 47. Na5 Ba2 48. Nc6 Bc7 49. Ne5+ Bxe5 {[%emt 0:00:55] Weighted Error Value: White=0.08 (flawless) /Black=0.09 (flawless)} 1/2-1/2

[Event "Czech Open-GM 2022"]
[Site "Pardubice"]
[Date "2022.07.27"]
[Round "6.7"]
[White "Gnojek, Petr"]
[Black "Hollan, Martin"]
[Result "1-0"]
[ECO "E33"]
[WhiteElo "2295"]
[BlackElo "2399"]
[Annotator "TA"]
[PlyCount "125"]
[EventDate "2022.07.22"]
[EventType "swiss"]
[EventCountry "CZE"]
[SourceTitle "playchess.com"]
[Source "ChessBase"]
[SourceQuality "1"]
[TimeControl "40/5400+30:1800+30"]

1. d4 Nf6 2. c4 e6 3. Nc3 Bb4 4. Qc2 Nc6 5. Nf3 d6 6. Bd2 O-O 7. a3 Bxc3 8. Bxc3 Qe7 9. e4 {[%emt 0:00:09] E33: Nimzo-Indian: Classical: 4...Nc6.} e5 10. d5 Nb8 11. Be2 {[%emt 0:00:12] White is slightly better.} Nh5 12. g3 {[%emt 0:00:17] Against Nf4} g6 13. Bd2 {[%emt 0:19:55][%cal Bc3d2,Bd2h6,Bh6e3][%mdl 32] [#]} Ng7 $146 ({Predecessor:} 13... f5 14. Bh6 Ng7 15. Ng5 fxe4 16. h4 e3 17. fxe3 Bf5 18. e4 Bd7 19. c5 a5 {1-0 (33) Golod,V (2602)-Heinemann,T (2484) Germany 2010}) 14. h4 h5 15. O-O-O c5 (15... c6 $14) 16. Rhg1 ({Better is} 16. Nh2 $1 $18) 16... Bg4 $16 17. Bh6 Kh7 18. Be3 Bxf3 (18... Kg8 $142) 19. Bxf3 f5 {[%emt 0:00:06] Inhibits g4.} (19... Rh8 $16 20. Bg5 Qe8) 20. exf5 $18 (20. Bg5 Qe8 $16) 20... Nxf5 21. Be4 (21. Bg5 Qe8 $16) 21... Kh8 22. g4 (22. Bg5 Qh7 $16) 22... Nxe3 23. fxe3 Qxh4 (23... Nd7 $142 24. gxh5 (24. Bxg6 e4 $18) 24... gxh5) 24. Bxg6 Qg5 25. Bxh5 ({Less strong is} 25. gxh5 Qxe3+ 26. Kb1 Nd7 $18) 25... Nd7 26. Rh1 Kg7 (26... Qxe3+ 27. Kb1 Rf3 28. g5 $18) 27. Kb1 $40 {[%emt 0:00:56][%mdl 128] Black is in trouble.} Rf3 {[%emt 0:09:41] [#]} (27... Rad8 $142 28. Qb3 Nb6) 28. Rdf1 $2 (28. Be8 $1 $18 {[%mdl 512] is the precise move to win.} Nf6 29. Bd7 $1) 28... Rxf1+ $16 29. Rxf1 {[%emt 0:00:03] Really sharp!} Rf8 {[%emt 0:00:05] Inhibits Rf7+.} 30. Rh1 {[%emt 0:00:04] Strongly threatening Qa4. 0x0.0002deb18b94dp-1022s more active pieces.} Nf6 (30... e4 $16) 31. Qb3 (31. Ka2 $18) 31... Nxh5 (31... b6 $16) 32. gxh5 {[%emt 0:00:21][%mdl 4096] Endgame KQR-KQR} (32. Rxh5 $18 {and the rest is easy.} Qg6+ 33. Ka2) 32... Rf7 33. Qd1 {[%emt 0:06:25] Hoping for Rg1.} Kh7 $2 (33... Rf2 $16 {might work better.}) 34. Rg1 $18 Qf5+ 35. Ka2 {[%emt 0:00:20] And now Rg6 would win.} a6 (35... Qe4 {was called for.}) 36. Rg6 Rf6 $2 (36... Qe4 {was worth a try.} 37. Qc1 (37. Rxd6 Qxc4+ 38. Qb3 Qe4 $18) 37... Rd7) 37. e4 Qf4 (37... Qf1 $142 38. Qxf1 Rxf1 39. Rxd6 Rf4) 38. Rxf6 (38. Qg1 $142 Rf7 39. h6 Qxh6 40. Rxh6+ Kxh6 41. Qh2+ Kg6 42. Qg2+ Kh5 43. Qh3+ Kg5 44. Qh8) 38... Qxf6 {[%emt 0:00:03] KQ-KQ} 39. Qg4 Kh6 40. Qe6 Kg5 {[%emt 0:00:09] [#]} 41. Qxf6+ $1 Kxf6 {[%emt 0:30:05] KP-KP} 42. b4 b6 43. bxc5 bxc5 44. Kb3 Kg5 {[%emt 0:00:00] [#]} 45. Ka4 $1 Kxh5 46. Ka5 {[%emt 0:00:00] Threatening mate with Kb6.} Kg4 47. Kb6 {[%emt 0:00:00] Kc6 would kill now.} ({Inferior is} 47. Kxa6 Kf3 $11) 47... Kf4 48. Kc6 Kxe4 49. Kxd6 Kf4 50. Kxc5 {[%emt 0:00:00] K3P-KPP} e4 51. d6 {[%emt 0:00:00] White wants to mate with d7.} e3 52. d7 e2 53. d8=Q {[%emt 0:00:00] Intending Qd2+ and mate.} e1=Q {[%emt 0:00:00] Against Qd2+. KQ-KQ} 54. Qd4+ Kg3 55. Kb6 {[%emt 0:00:00] Threatens to win with c5.} Qe6+ 56. Ka5 Qe7 57. a4 Qe8 58. c5 {[%emt 0:00:00][%cal Bc4c5,Bc5c6,Bc6c7][%mdl 32] White threatens Qc3+ and mate.} Kf3 59. Qd5+ {[%emt 0:00:00] White mates.} Ke3 60. c6 Qe7 61. Kxa6 Qe8 62. Kb7 Kf2 63. c7 {[%emt 0:00:00] Weighted Error Value: White=0.31/Black=0.56} 1-0

[Event "Czech Open-GM 2022"]
[Site "Pardubice"]
[Date "2022.07.27"]
[Round "6.8"]
[White "Stalmach, Richard"]
[Black "Klabis, Rokas"]
[Result "1-0"]
[ECO "E25"]
[WhiteElo "2363"]
[BlackElo "2382"]
[Annotator "TA"]
[PlyCount "83"]
[EventDate "2022.07.22"]
[EventType "swiss"]
[EventCountry "CZE"]
[SourceTitle "playchess.com"]
[Source "ChessBase"]
[SourceQuality "1"]
[TimeControl "40/5400+30:1800+30"]

1. d4 Nf6 2. c4 e6 3. Nc3 Bb4 4. f3 d5 5. a3 Bxc3+ 6. bxc3 c5 7. cxd5 Nxd5 8. dxc5 Qa5 9. e4 Nf6 10. Be3 Qxc3+ {[%emt 0:04:41] E25: Nimzo-Indian: Sämisch: 5...c5 6 f3 d5 7 cxd5.} ({Black should play} 10... O-O $11) 11. Kf2 $14 Nc6 12. Ne2 Qe5 {[%emt 0:08:09] White is better.} 13. Qc1 {[%emt 0:10:38] [#]} Qc7 $146 ({Predecessor:} 13... O-O 14. Bf4 Qh5 15. Ng3 Qg6 16. Bd6 Re8 17. e5 Nd7 18. Qc3 f6 19. Bd3 Qh6 20. exf6 Nxf6 {½-½ (60) Van Dijk,T-Skovgaard,T (2065) Copenhagen 2001}) 14. h4 Bd7 15. Rb1 Ne7 ({Black should try} 15... O-O $14) 16. Qb2 $18 Rb8 17. h5 h6 18. Bd4 Nc6 19. Bxf6 gxf6 20. Qxf6 Qe5 21. Qxe5 Nxe5 22. Nd4 Ke7 23. Be2 Bc6 24. Rb2 Rhc8 25. Rhb1 {[%emt 0:00:24] White is more active.} Nd7 26. Nxc6+ bxc6 27. Rb7 Kf6 (27... Ke8 {might work better.} 28. Ke3 Ra8) 28. Ke3 Rg8 29. f4 e5 {[%emt 0:00:54] [#]} 30. g4 $2 (30. fxe5+ $1 $18 {is the precise move to win.} Kxe5 31. g4 (31. Rxb8 Rxb8 32. Rb4 a5 $16)) 30... exf4+ $16 31. Kxf4 Rge8 {[%emt 0:02:32][%mdl 8192] Inhibits e5+.} (31... Rxb7 $16 32. Rxb7 Ne5) 32. Rxb8 $18 {[%emt 0:05:05] White is clearly winning.} Rxb8 {[%emt 0:00:04][%mdl 4096] Endgame KRB-KRN} 33. e5+ Kg7 34. Rxb8 Nxb8 {[%emt 0:00:04] KB-KN} 35. e6 {[%emt 0:01:55] [#] e7 would kill now.} Kf6 36. exf7 Kxf7 37. Ke5 Ke7 38. Kf5 {[%emt 0:00:02] And now Kg6 would win.} Nd7 39. Kg6 {[%emt 0:00:33] Strongly threatening Kh7.} Nxc5 40. Kxh6 Ne6 41. Bc4 {[%emt 0:30:43] White wants to mate with Bxe6.} Nd4 42. Kg7 {[%emt 0:00:22] Weighted Error Value: White=0.13 (very precise) /Black=0.31} 1-0